 Dungeon Crawl Stone Soup version 0.18.1-6-gd335043 (webtiles) character file.

40 namelastname112 the Caller (level 3, -3/28 HPs)
             Began as a Draconian Summoner on May 19, 2016.
             Slain by Crazy Yiuf
             ... wielding a +3 quarterstaff of chaos
              (9 damage)
             ... on level 2 of the Dungeon.
             The game lasted 00:04:28 (2093 turns).

namelastname112 the Caller (Draconian Summoner)     Turns: 2093, Time: 00:04:29

Health: -3/28      AC:  6    Str: 10    XL:     3   Next: 30%
Magic:  0/7        EV: 12    Int: 16    God:
Gold:   65         SH:  0    Dex: 11    Spells: 3 memorised, 1 level left

rFire  . . .     SeeInvis .     e - -1 dagger (curse)
rCold  . . .     Gourm    .     (armour unavailable)
rNeg   . . .     Faith    .     (no shield)
rPois  .         Spirit   .     (helmet restricted)
rElec  .         Dismiss  .     (no cloak)
rCorr  .         Reflect  .     (no gloves)
SustAt .         Harm     .     f - +0 pair of boots {Fly}
MR     .....                    (no amulet)
Stlth  ++........               (no ring)
                                (no ring)

@: flying, very slightly contaminated, slowed, very slow, not resistant to
hostile enchantments, unstealthy
A: unfitting armour, cold-blooded, AC +5
a: Stop Flying


You were on level 2 of the Dungeon.
You were not hungry.

You visited 1 branch of the dungeon, and saw 2 of its levels.

You collected 65 gold pieces.

Inventory:

Hand Weapons
 e - a cursed -1 dagger (weapon)
Armour
 f - a +0 pair of boots of flying (worn)
Scrolls
 d - a scroll of blinking {unknown}
 g - a scroll of fear {unknown}
 i - 2 scrolls of identify {unknown}
 j - a scroll of teleportation {unknown}
Potions
 c - 4 potions of flight {unknown}
 h - a potion of brilliance {unknown}
 l - a potion of berserk rage {unknown}
Books
 a - a book of Callings

   Spells                             Type                      Level
   a - Summon Small Mammal            Summoning                    1
   b - Call Imp                       Summoning                    2
   c - Call Canine Familiar           Summoning                    3
   d - Summon Guardian Golem          Hexes/Summoning              3
   e - Summon Lightning Spire         Summoning/Air                4
   f - Summon Ice Beast               Ice/Summoning                4
Comestibles
 b - a bread ration


   Skills:
 + Level 1.3 Fighting
 + Level 2.0 Dodging
 - Level 1.7 Stealth
 + Level 2.7 Spellcasting
 * Level 4.2 Summonings


You had one spell level left.
You knew the following spells:

 Your Spells              Type           Power        Failure   Level  Hunger
a - Call Imp              Summ           ###.....     8%          2    ##.....
c - Call Canine Familiar  Summ           ###.....     12%         3    ###....
z - Summon Small Mammal   Summ           ###.         4%          1    #......


Dungeon Overview and Level Annotations

Branches:
Dungeon (2/15)

Altars:
Elyvilon
Fedhas

Annotations:
D:2 Crazy Yiuf


Innate Abilities, Weirdness & Mutations

Your plain brown scales are hard (AC +5).
Your body does not fit into most forms of armour.
You are cold-blooded and may be slowed by cold attacks.


Message History

Confirm with . or Enter, or press ? or * to list all spells.
A beastly little devil appears in a puff of flame.
Crazy Yiuf barely misses you.
You now have 0/7 mp.
Your crimson imp hits Crazy Yiuf but does no damage.
You barely miss Crazy Yiuf. You tail-slap Crazy Yiuf.
Crazy Yiuf is moderately wounded.
Crazy Yiuf grits, "Tosser!
East turtle dark."
Crazy Yiuf hits you with a quarterstaff of chaos.
You feel yourself slow down. Crazy Yiuf freezes you.
Your crimson imp barely misses Crazy Yiuf.
You take 5 damage, and have 23/28 hp.
You hit Crazy Yiuf. You tail-slap Crazy Yiuf.
Crazy Yiuf is heavily wounded.
Crazy Yiuf hits you with a quarterstaff of chaos.
You are electrocuted!
* * * LOW HITPOINT WARNING * * *
Your crimson imp hits Crazy Yiuf.
Crazy Yiuf hits you with a quarterstaff of chaos!
You die...

##.##.# ####.#....
################...#.###.........
..'.........'............####....
###.........####...#.###.# #._..
##.......## ##.##.###.# #....
##.....## ###......# ##...
##...## #..###.# #... ##'##
#####..# #.# ###. # #.# #.@g5..#
#.#######. # #.# #.###.##
#......... # ##.## #.# #.#
#.###.#... # ##...## #.# #.####.#
#.#.## ## #.....#####.# #..g...#
#.#.## .# ##...#..†...# ########
#..... .# ##.##.###### ###.##
.#########.# #.## ...........#
#.##


You could see Crazy Yiuf and a friendly crimson imp.

Vanquished Creatures
  2 giant geckos
  A ball python (D:1)
  6 bats
  A giant cockroach (D:1)
  5 goblins
  5 hobgoblins
  5 kobolds
  A giant newt (D:2)
  4 rats (D:1)
30 creatures vanquished.

Vanquished Creatures (collateral kills)
  An ooze (D:1)
  A goblin (D:1)
  A bat (D:1)
3 creatures vanquished.

Grand Total: 33 creatures vanquished

Notes
Turn   | Place    | Note
--------------------------------------------------------------
     0 | D:1      | namelastname112 the Draconian Summoner began the quest for the Orb.
     0 | D:1      | Reached XP level 1. HP: 14/14 MP: 3/3
   342 | D:1      | Reached XP level 2. HP: 22/22 MP: 5/5
   376 | D:1      | Learned a level 2 spell: Call Imp
   776 | D:1      | HP: 1/22 [ooze (1)]
  1160 | D:1      | Reached skill level 1 in Fighting
  1432 | D:1      | Reached XP level 3. HP: 28/28 MP: 7/7
  1437 | D:1      | Learned a level 3 spell: Call Canine Familiar
  1503 | D:2      | Found a blossoming altar of Fedhas.
  1505 | D:2      | Found a white marble altar of Elyvilon.
  1901 | D:2      | Noticed Crazy Yiuf
  2093 | D:2      | Slain by Crazy Yiuf

Skill      XL: |  1  2 |
---------------+-------+-----
Dodging        | 2 |  2.0
Fighting       | 1 |  1.3
Stealth        | |  1.7
Spellcasting   | |  2.7
Summonings     | |  4.2

Action                   || total
-------------------------++-------
Melee: Unarmed           ||    18
       Dagger            ||   151
       Tailslap          ||    15
 Cast: Summon Small Mamm ||     3
       Call Imp          ||    13
 Stab: Sleeping          ||     5
  Eat: Chunk             ||     3
       Pizza             ||     1
Armor: Skin              ||    54
Dodge: Dodged            ||   117
